 Dungeon Sprint DCSS version 0.30-a0-862-g1aabd4f9c5 (webtiles) character file.

Game seed: 14963148399052844251

526 rocky1 the Basher (level 7, -4/60 HPs)
             Began as a Demonspawn Fighter on Mar 10, 2023.
             Was an Initiate of Gozag.
             Slain by a two-headed ogre
             ... wielding a +0 giant spiked club
              (22 damage)
             ... in the Dungeon (Sprint IX: "|||||||||||||||||||||||||||||").
             The game lasted 00:01:50 (367 turns).

rocky1 the Basher (Demonspawn Fighter)               Turns: 367, Time: 00:01:50

Health: -4/60      AC: 15    Str: 21    XL:     7   Next: 2%
Magic:  7/7        EV:  8    Int: 10    God:    Gozag
Gold:   0          SH:  5    Dex: 12    Spells: 6/6 levels left

rFire   . . .      SeeInvis .    a - +0 flail
rCold   . . .      Faith    .    c - +0 buckler
rNeg    . . .      Spirit   .    o - +1 chain mail
rPois   .          Reflect  .    (helmet restricted)
rElec   .          Rampage  .    (no cloak)
rCorr   .          NoTele   +    (no gloves)
Will    .....                    (no boots) Stlth
                                 (no amulet)
HPRegen 0.30/turn                q - +3 ring of strength
MPRegen 0.20/turn                p - +2 ring of protection

@: gold aura
A: antennae 2, thin metallic scales 1, magic regeneration
a: Renounce Religion, Potion Petition, Call Merchant, Bribe Branch


You were in the Dungeon.
You worshipped Gozag.
Gozag was noncommittal.
You visited 1 branch

Inventory:

Hand Weapons
 a - a +0 flail (weapon)
 m - a +2 morningstar of protection
 n - the +2 scimitar of Prudence {flame, rN+}
   (You found it in the Dungeon)

   rN:        It protects you from negative energy.
Armour
 b - a +0 scale mail
 c - a +0 buckler (worn)
 o - a +1 chain mail (worn)
Jewellery
 p - a +2 ring of protection (right hand)
 q - a +3 ring of strength (left hand)
Wands
 l - a wand of acid (6) (quivered)
Scrolls
 j - 2 scrolls of blinking
 k - 2 scrolls of amnesia
Potions
 d - a potion of might
 e - a potion of invisibility
 f - 2 potions of heal wounds
 g - a potion of haste
 h - 4 potions of magic
 i - 4 potions of curing


   Skills:
 + Level 7.2 Fighting
 * Level 8.4 Maces & Flails
 + Level 7.2 Armour
 + Level 2.6 Dodging
 + Level 6.2 Shields
 + Level 1.5 Evocations


You had 6 spell levels left.
You didn't know any spells.
Your spell library was empty.

Dungeon Overview and Level Annotations

Branches:
Dungeon (1/1)

Altars:
Cheibriados
Dithmenos
Fedhas
Gozag
Hepliaklqana
Kikubaaqudgha
Makhleb
Nemelex Xobeh
Okawaru
Qazlal
Ru
Sif Muna
Trog
Uskayaw
Vehumet
Wu Jian
Xom
Yredelemnul
Jiyva
Lugonu


Innate Abilities, Weirdness & Mutations

You have a pair of antennae on your head.
You are partially covered in thin metallic scales. (AC +2)
You regenerate magic rapidly.


Message History

The wraith seems to be corroded for longer.
You destroy the wraith!
The bolt of acid hits the two-headed ogre!
The two-headed ogre seems to be corroded for longer.
The two-headed ogre is severely wounded.
The two-headed ogre is no longer distracted by gold.
The two-headed ogre shouts in stereo!
The bolt of acid hits the yak!
The acid corrodes the yak!
The yak is moderately wounded.
The yak is distracted by your dazzling golden aura.
Your Fighting skill increases to level 7!
Your Maces & Flails skill increases to level 8!
Your Armour skill increases to level 7!
Your Shields skill increases to level 6!
You have reached level 7!
Your demonic ancestry asserts itself...
The antennae on your head grow some more.
Unknown command.
The two-headed ogre is distracted by your dazzling golden aura.
Things that are here:
108 gold pieces; a +0 dagger; 8 poisoned darts The yak bellows!
The two-headed ogre shouts in stereo!
You sock the two-headed ogre!
The two-headed ogre is no longer distracted by gold.
The two-headed ogre is severely wounded.
The yak is no longer distracted by gold.
The two-headed ogre hits you with a +0 giant spiked club!
The two-headed ogre hits you with a +0 giant spiked club!!
You hit the two-headed ogre.
The two-headed ogre is severely wounded.
The two-headed ogre hits you but does no damage.
The two-headed ogre hits you with a +0 giant spiked club.
* * * LOW HITPOINT WARNING * * *
Unknown command.
You hit the two-headed ogre.
The two-headed ogre is almost dead.
The two-headed ogre closely misses you.
The two-headed ogre hits you with a +0 giant spiked club!!
You die...
Your body crumbles into a pile of gold.

▓+▓
$
▓.▓
$
▓.▓
$ $
▓$▓
$
▓Y▓
$ $
▓O▓
$
▓@▓
$
▓'▓
▓.▓
$ {
▓.▓
{
▓.▓
$
▓[▓
▓[▓
$
▓.▓
$
▓)▓


You could see a two-headed ogre (corroded) and a yak (corroded).

Vanquished Creatures
  A wraith (D)
  A wyvern (D)
  A kobold brigand (D)
  A gnoll sergeant (D)
  A howler monkey (D)
  2 iguanas (D)
  A gnoll (D)
  An endoplasm (D)
  2 goblins (D)
  A jackal (D)
  A quokka (D)
  A ball python (D)
14 creatures vanquished.

Notes
Turn   | Place    | Note
-------+----------+-------------------------------------------
     0 | D        | rocky1 the Demonspawn Fighter began the quest for the Orb.
     0 | D        | Reached XP level 1. HP: 18/18 MP: 1/1
    16 | D        | Reached skill level 2 in Maces & Flails
   105 | D        | Noticed an iguana
   105 | D        | Noticed a gnoll sergeant
   105 | D        | Noticed an iguana
   108 | D        | Killed an iguana
   109 | D        | Reached skill level 3 in Maces & Flails
   109 | D        | Gained mutation: You regenerate magic rapidly. [demonic
                  | ancestry]
   109 | D        | Reached XP level 2. HP: 25/25 MP: 2/2
   109 | D        | Gained mutation: You have a pair of small antennae on your
                  | head. [demonic ancestry]
   109 | D        | Reached XP level 3. HP: 30/30 MP: 3/3
   113 | D        | Killed a gnoll sergeant
   114 | D        | Reached skill level 4 in Maces & Flails
   114 | D        | Reached skill level 1 in Dodging
   114 | D        | Reached XP level 4. HP: 38/38 MP: 4/4
   118 | D        | Reached skill level 5 in Fighting
   118 | D        | Reached skill level 5 in Maces & Flails
   118 | D        | Reached skill level 5 in Armour
   301 | D        | Found a snail-covered altar of Cheibriados.
   301 | D        | Found a shadowy altar of Dithmenos.
   301 | D        | Found a blossoming altar of Fedhas.
   301 | D        | Found an opulent altar of Gozag.
   302 | D        | Found a hazy altar of Hepliaklqana.
   303 | D        | Found a viscous altar of Jiyva.
   304 | D        | Found an ancient bone altar of Kikubaaqudgha.
   305 | D        | Found a corrupted altar of Lugonu.
   306 | D        | Found a burning altar of Makhleb.
   307 | D        | Found a sparkling altar of Nemelex Xobeh.
   308 | D        | Found an iron altar of Okawaru.
   309 | D        | Became a worshipper of Gozag Ym Sagoz the Greedy
   310 | D        | Found a stormy altar of Qazlal.
   311 | D        | Found a sacrificial altar of Ru.
   312 | D        | Found a shimmering blue altar of Sif Muna.
   313 | D        | Found a bloodstained altar of Trog.
   314 | D        | Found a hide-covered altar of Uskayaw.
   315 | D        | Found a radiant altar of Vehumet.
   316 | D        | Found an ornate altar of the Wu Jian Council.
   317 | D        | Found a shimmering altar of Xom.
   318 | D        | Found a basalt altar of Yredelemnul.
   336 | D        | Got the +2 scimitar of Prudence {flame, rN+}
   358 | D        | Noticed a yak
   358 | D        | Noticed a wyvern
   358 | D        | Noticed a two-headed ogre
   358 | D        | Noticed a wraith
   358 | D        | Noticed a kobold brigand
   362 | D        | Reached XP level 5. HP: 45/45 MP: 5/5
   362 | D        | Killed a wyvern
   363 | D        | Reached skill level 7 in Maces & Flails
   363 | D        | Reached skill level 5 in Shields
   363 | D        | Reached skill level 1 in Evocations
   363 | D        | Gained mutation: You are partially covered in thin metallic
                  | scales. (AC +2) [demonic ancestry]
   363 | D        | Reached XP level 6. HP: 53/53 MP: 6/6
   363 | D        | Killed a wraith
   364 | D        | Reached skill level 8 in Maces & Flails
   364 | D        | Gained mutation: You have a pair of antennae on your head.
                  | [demonic ancestry]
   364 | D        | Reached XP level 7. HP: 60/60 MP: 7/7
   367 | D        | Slain by a two-headed ogre

Illustrated notes

Levels and vault maps discovered:
D:        linesprint [early_d, line_temple, items_1, d_10, items_2, lair_1,
          lair_end, items_3, orc_1, orc_end, items_4, d_15, swamp_1, shoals_1,
          snake_1, spider_1, d_20, vaults_1, items_5, swamp_end, shoals_end,
          snake_end, spider_end, vaults_end, d_27, items_6, zot_1, zot_end,
          crypt_end, forest_end, elf_end, slime_end, tomb_end, abyss_end,
          pan_hell_end]

Skill      XL: |  1  2  3  4  5  6 |
---------------+-------------------+-----
Armour         | 3 4 5 6 7 |  7.2
Maces & Flails | 3 4 5 7 8 |  8.4
Shields        | 3 4 5 6 |  6.2
Fighting       | 4 5 6 7 |  7.2
Dodging        | 1 2 |  2.6
Evocations     | 1 |  1.5

Action                     |  1- 3 |  4- 6 |  7- 9 || total
---------------------------+-------+-------+-------++-------
  Melee: Flail             |    33 |     9 |     3 ||    45
  Evoke: Wand              |       |     4 |       ||     4
    Use: Potion            |     1 |     2 |       ||     3
 Armour: Scale mail        |    10 |     1 |       ||    11
         Chain mail        |       |     1 |     1 ||     2
  Dodge: Dodged            |    17 |     5 |     1 ||    23
  Block: Buckler           |     6 |     6 |       ||    12

Table legend: (Time is in decaauts)
 A = Elapsed time spent in this place.
 B = Non-inter-level travel time spent in this place.
 C = Inter-level travel time spent in this place.
 D = Time resting spent in this place.
 E = Time spent auto-exploring this place.
 F = Levels seen in this place.
 G = Mean time per level.
                   A        B        C        D        E       F      G
               +--------+--------+--------+--------+--------+-----+--------+
         Total |    388 |    388 |      0 |    248 |      0 |   1 |  388.0 |
       Dungeon |    388 |    388 |      0 |    248 |      0 |   1 |  388.0 |
               +--------+--------+--------+--------+--------+-----+--------+

Top non-repeatable levels by time:
       D: 388 daAuts
